 Dungeon Crawl Stone Soup version 0.27.1-1-g398f81649c (webtiles) character file.

Game seed: 12038678961900930725

711 Mesmaeker13 the Caller (level 7, -2/41 (46) HPs)
             Began as a Barachi Summoner on Sept 15, 2021.
             Was an Initiate of Ashenzari.
             Slain by a wight (6 damage)
             ... on level 6 of the Dungeon.
             The game lasted 00:11:13 (6966 turns).

Mesmaeker13 the Caller (Barachi Summoner)           Turns: 6966, Time: 00:11:14

HP:   -2/41 (46)    AC:  6    Str:  9    XL:     7   Next: 68%
MP:   20/23         EV: 14    Int: 17    God:    Ashenzari [......]
Gold: 208           SH:  0    Dex: 13    Spells: 6/16 levels left

rFire    . . .     SeeInvis .   e - +3 spear
rCold    . . .     Faith    .   (no shield)
rNeg     . . .     Spirit   .   a - +0 robe
rPois    +         Reflect  .   j - +0 helmet
rElec    .         Harm     .   r - +0 cloak
rCorr    .         Rampage  .   f - +0 pair of gloves
Will     .....                  q - +0 pair of boots of Ashenzari's Morality {Bglg, Evo} (curse)
Stlth    ++........             (no amulet)
HPRegen  0.13/turn              o - ring of poison resistance
MPRegen  0.18/turn              C - ring of magical power

@: unable to hop, heavily drained, slow
A: amphibious, slowness 1, strong legs 1, +LOS
a: Hop, Renounce Religion, Shatter the Chains


You were on level 6 of the Dungeon.
You worshipped Ashenzari.
Ashenzari was noncommittal.
You visited 1 branch of the dungeon, and saw 6 of its levels.
You also visited: Ossuary.

You collected 208 gold pieces.

Inventory:

Hand Weapons
 e - a +3 spear (weapon)
 D - a +0 trident
 F - a +0 short sword of electrocution
Missiles
 w - a curare-tipped dart
Armour
 a - a +0 robe (worn)
 f - a +0 pair of gloves (worn)
 j - a +0 helmet (worn)
 q - the cursed +0 pair of boots of Ashenzari's Morality (worn) {Bglg, Evo}
   (You found it on level 3 of the Dungeon)

   It has a curse which improves the following skills: Beguiling: Conjurations,
   Hexes and Translocations.
   Evocations: Evocations.
 r - a +0 cloak (worn)
 E - the +5 ring mail "Palolase" {rPois rN+ Will- Stlth+}
   (You found it on level 6 of the Dungeon)

   rPois:     It protects you from poison.
   rN:        It protects you from negative energy.
   Will:      It decreases your willpower.
   Stlth:     It makes you more stealthy.
Jewellery
 k - a ring of resist corrosion
 o - a ring of poison resistance (left hand)
 C - a ring of magical power (right hand)
Wands
 y - a wand of paralysis (6)
Scrolls
 d - a scroll of enchant armour
 g - 3 scrolls of enchant weapon
 i - 4 scrolls of torment
 l - a scroll of magic mapping
 m - 5 scrolls of immolation
 n - a scroll of vulnerability
 u - a scroll of summoning
 z - 3 scrolls of identify
Potions
 b - 5 potions of might
 h - 4 potions of curing
 p - 3 potions of brilliance
 s - a potion of attraction
 t - 3 potions of mutation
 v - 2 potions of haste
 x - 2 potions of magic
 A - a potion of invisibility
 B - 3 potions of lignification


   Skills:
 + Level 5.4 Dodging
 - Level 1.7 Stealth
 + Level 5.0 Spellcasting
 + Level 7.2 Summonings
 + Level 2.1 Air Magic


You had 6 spell levels left.
You knew the following spells:

 Your Spells              Type           Power      Damage    Failure   Level
a - Summon Small Mammal   Summ           100%       N/A       1%          1
b - Call Imp              Summ           29%        N/A       1%          2
c - Call Canine Familiar  Summ           29%        N/A       2%          3
d - Summon Lightning Spi  Summ/Air       20%        N/A       21%         4

Your spell library contained the following spells:

 Spells                   Type           Power      Damage    Failure   Level
 Summon Guardian Golem    Hex/Summ       16%        N/A       10%         3
 Freeze                   Ice            16%        1d4       14%         1
 Magic Dart               Conj           16%        1d3       14%         1
 Slow                     Hex            4%         N/A       22%         2
 Mephitic Cloud           Conj/Pois/Air  6%         N/A       32%         3
 Confusing Touch          Hex            4%         N/A       38%         3
 Frozen Ramparts          Ice            8%         1d2       38%         3
 Vampiric Draining        Necr           2%         2d6       38%         3
 Hailstorm                Conj/Ice       4%         3d4       80%         4


Dungeon Overview and Level Annotations

Branches:
Dungeon (6/15)            Ossuary (visited)
 Temple: D:4-7

Altars:
Ashenzari
Cheibriados
Fedhas
Kikubaaqudgha
Nemelex Xobeh
Wu Jian
Yredelemnul
The Shining One

Shops:
D:6 [

Annotations:
D:5 1 exclusion


Innate Abilities, Weirdness & Mutations

You are amphibious.
You cover ground slowly.
You can hop short distances.
You have an extended range of vision and can be seen from far away.


Message History

You feel much better. The wight misses you.
Your hound bites the wight but does no damage.
Your crimson imp misses the wight.
You hit the wight but do no damage.
The wight is moderately damaged.
Your hound bites the wight but does no damage.
The wight completely misses you.
Your crimson imp misses the wight.
Your hound bites the wight but does no damage.
You hit the wight.
The wight is severely damaged.
The wight hits you with a +3 long sword of freezing!
You feel drained. The wight freezes you.
Your hound barely misses the wight.
Your crimson imp barely misses the wight.
You hit the wight but do no damage.
The wight is severely damaged.
Your hound barely misses the wight.
The wight hits you with a +3 long sword of freezing!
* * * LOW HITPOINT WARNING * * *
The wight freezes you.
* * * LOW HITPOINT WARNING * * *
Your crimson imp barely misses the wight.
Your hound bites the wight but does no damage.
You barely miss the wight.
The wight is severely damaged.
Your hound closely misses the wight.
The wight hits you with a +3 long sword of freezing.
* * * LOW HITPOINT WARNING * * *
The wight freezes you.
* * * LOW HITPOINT WARNING * * *
Your crimson imp hits the wight but does no damage.
Your hound barely misses the wight.
The wight misses you.
Casting: Call Imp (safe; 1% risk of failure)
Confirm with . or Enter, or press ? or * to list all spells.
A metallic apparition takes form in the air.
Your hound bites the wight but does no damage.
Your crimson imp blinks!
Your hound bites the wight.
The wight hits you with a +3 long sword of freezing.
You die...

## ..# #####.........
.. #.# #.......# ##
#.# #.####### #.# #.#
#.# #.# #.# #.# #.#
#.# ##.######.#
#...5.@zh§#
############[########
.................(...
#####################


You could see a wight (ally target), a friendly hound (summoned) and a friendly
iron imp (summoned).

Vanquished Creatures
  A necrophage (D:4)
  A sky beast (D:4)
  A bullfrog skeleton (D:2)
  An orc priest (D:5)
  An iguana (D:4)
  3 mummies (Ossuary)
  2 adders
  A dart slug (D:3)
  A worm (D:3)
  7 orcs
  9 ball pythons
  7 endoplasms
  5 giant cockroaches
  2 goblins
  2 hobgoblins
  9 kobolds
  3 quokkas
  4 bats
  3 frilled lizards
  A goblin zombie (Ossuary)
  A hobgoblin zombie (Ossuary)
  A kobold zombie (Ossuary)
  3 rats
69 creatures vanquished.

Vanquished Creatures (collateral kills)
  A sky beast (D:5)
  A kobold brigand (D:6)
  A wight (D:6)
  A jelly (D:3)
  4 centaur zombies
  An orc priest (D:5)
  A bullfrog skeleton (D:4)
  A centaur skeleton (D:4)
  An iguana (D:3)
  An orc wizard (D:5)
  A hound skeleton (D:4)
  2 mummies (Ossuary)
  3 adders
  An adder skeleton (D:4)
  3 worms
  A dart slug (D:1)
  6 orcs
  A ball python (D:4)
  A bat (D:1)
  5 endoplasms
  A giant cockroach (D:1)
  A goblin (D:1)
  2 hobgoblins
  A kobold (D:4)
  2 quokkas (D:5)
  3 frilled lizards (D:1)
  A hobgoblin zombie (Ossuary)
  2 kobold zombies (Ossuary)
  2 rats (D:1)
52 creatures vanquished.

Grand Total: 121 creatures vanquished

Notes
Turn   | Place    | Note
-------+----------+-------------------------------------------
     0 | D:1      | Mesmaeker13 the Barachi Summoner began the quest for the
                  | Orb.
     0 | D:1      | Reached XP level 1. HP: 13/13 MP: 3/3
   137 | D:1      | Found a faded altar of an unknown god.
   478 | D:1      | Reached skill level 5 in Summonings
   493 | D:1      | Reached XP level 2. HP: 15/19 MP: 5/5
  1078 | D:1      | Reached XP level 3. HP: 22/24 MP: 4/7
  1683 | D:2      | Learned a level 2 spell: Call Imp
  2245 | D:2      | Reached XP level 4. HP: 24/30 MP: 8/8
  2804 | D:3      | Learned a level 3 spell: Call Canine Familiar
  2960 | D:3      | Found a glowing golden altar of the Shining One.
  3030 | D:3      | Found an ornate altar of the Wu Jian Council.
  3318 | D:3      | Reached XP level 5. HP: 34/35 MP: 8/10
  3841 | D:4      | Found a snail-covered altar of Cheibriados.
  3850 | D:4      | Noticed a necrophage
  3864 | D:4      | Killed a necrophage
  3865 | D:4      | Reached skill level 6 in Summonings
  3871 | D:4      | Found an ancient bone altar of Kikubaaqudgha.
  3885 | D:4      | Found a blossoming altar of Fedhas.
  3915 | D:4      | Found a basalt altar of Yredelemnul.
  3965 | D:4      | Noticed a sky beast
  3980 | D:4      | Killed a sky beast
  3981 | D:4      | Reached XP level 6. HP: 6/41 MP: 7/12
  4161 | D:4      | Found a sand-covered staircase.
  4170 | Ossuary  | Entered an ossuary
  4812 | D:4      | Learned a level 4 spell: Summon Lightning Spire
  5194 | D:4      | Found a broken altar of Ashenzari.
  5215 | D:4      | Found a sparkling altar of Nemelex Xobeh.
  5232 | D:4      | Became a worshipper of Ashenzari the Shackled
  5232 | D:4      | Identified 2 scrolls of acquirement
  5520 | D:5      | Entered Level 5 of the Dungeon
  5520 | D:5      | Noticed a sky beast
  5561 | D:5      | Killed a sky beast
  5562 | D:5      | Reached skill level 5 in Dodging
  5562 | D:5      | Reached skill level 1 in Air Magic
  5562 | D:5      | Reached XP level 7. HP: 46/46 MP: 8/13
  5726 | D:5      | Reached skill level 7 in Summonings
  5735 | D:5      | Acquired a ring of magical power
  5740 | D:5      | Acquired a ring of poison resistance
  5953 | D:5      | Noticed a nameless horror
  6531 | D:6      | Identified the +5 ring mail "Palolase" {rPois rN+ Will-
                  | Stlth+}
  6720 | D:6      | Found Sarem's Armour Shoppe.
  6888 | D:6      | Reached skill level 5 in Spellcasting
  6966 | D:6      | Slain by a wight

Illustrated notes

Levels and vault maps discovered:
D:1:      co_arrival_random_square_maze, layout_basic,
          hellmonk_ecumenical_altar_crossroads, minmay_tiny_reverse_x
D:2:      layout_loops_corners, kennysheep_nub
D:3:      layout_basic, nzn_wu_jian_council_hall, tso_metal_star,
          roderic_serpentine_path, grunt_decor_one_mirror, grunt_ministairs_4,
          chequers_mini_garden, minmay_misc_feat_diagonals
D:4:      layout_gridville, mainiacjoe_overflow_alcove_1,
          mainiacjoe_overflow_brackets, grunt_temple_overflow_open,
          mainiacjoe_overflow_boulevard, nicolae_ossuary_entry_monument
D:5:      layout_rooms
D:6:      layout_loops_ring, serial_shops, nicolae_stop_n_shop_2, st_stairs_8

Skill      XL: |  1  2  3  4  5  6  7 |
---------------+----------------------+-----
Summonings     | 5 6 7 |  7.2
Dodging        | 3 4 5 |  5.4
Spellcasting   | 3 4 5 |  5.0
Air Magic      | 1 2 |  2.1
Stealth        | |  1.7

Action                   |  1- 3 |  4- 6 |  7- 9 || total
-------------------------+-------+-------+-------++-------
Melee: Dagger            |    93 |   129 |    60 ||   282
       Unarmed           |    17 |       |       ||    17
       Short sword       |       |       |    15 ||    15
       Spear             |       |       |    10 ||    10
 Cast: Summon Small Mamm |    26 |       |       ||    26
       Call Imp          |     5 |    23 |     2 ||    30
       Call Canine Famil |       |    11 |    13 ||    24
       Summon Lightning  |       |       |     1 ||     1
Invok: Curse Item        |       |       |     1 ||     1
 Abil: Hop               |       |       |     2 ||     2
  Use: Scroll            |     3 |     4 |     3 ||    10
       Potion            |       |       |     1 ||     1
 Stab: Distracted        |     1 |       |       ||     1
       Sleeping          |     3 |     7 |       ||    10
Armor: Robe              |    25 |    30 |    29 ||    84
Dodge: Dodged            |    88 |    94 |    71 ||   253
